 Dungeon Crawl Stone Soup version 0.30-a0-137-gd8773701ce (webtiles) character file.

Game seed: 16219619400434588013

240 jimonade the Shooter (level 6, -1/44 HPs)
             Began as a Formicid Hunter on Sept 21, 2022.
             Slain by an ufetubus (2 damage)
             ... summoned by Eustachio
             ... on level 4 of the Dungeon.
             The game lasted 00:07:19 (3176 turns).

jimonade the Shooter (Formicid Hunter)              Turns: 3176, Time: 00:07:20

Health: -1/44      AC:  3    Str: 16    XL:     6   Next: 29%
Magic:  8/8        EV: 12    Int: 10    God:
Gold:   135        SH:  0    Dex: 23    Spells: 8/8 levels left

rFire   . . .      SeeInvis +    a - +0 shortbow
rCold   . . .      Faith    .    (no shield)
rNeg    . . .      Spirit   .    c - +0 leather armour
rPois   .          Reflect  .    (helmet unavailable)
rElec   .          Harm     .    (no cloak)
rCorr   .          Rampage  .    (no gloves)
Will    .....                    (no boots)
Stlth   ++........               (no amulet)
HPRegen 0.14/turn                e - ring of flight
MPRegen 0.11/turn                h - +6 ring of dexterity

@: flying
A: permanent stasis, dig shafts and tunnels, antennae 3, four strong arms
a: Dig, Shaft Self


You were on level 4 of the Dungeon.
You visited 1 branch of the dungeon, and saw 4 of its levels.

You collected 135 gold pieces.

Inventory:

Hand Weapons
 a - a +0 shortbow (weapon)
 i - a +0 trident of venom
Missiles
 j - 13 poisoned darts
Armour
 c - a +0 leather armour (worn)
Jewellery
 e - a ring of flight (left hand)
 h - a +6 ring of dexterity (right hand)
Wands
 w - a wand of mindburst (15)
 y - a wand of acid (8)
Scrolls
 b - 2 scrolls of immolation
 d - a scroll of magic mapping {unknown}
 k - 3 scrolls of vulnerability {unknown}
 l - 5 scrolls of teleportation {unknown}
 o - 6 scrolls of identify {unknown}
 p - 2 scrolls of brand weapon {unknown}
 u - a scroll of blinking {unknown}
 x - a scroll of summoning {unknown}
Potions
 f - 4 potions of brilliance {unknown}
 g - a potion of haste {unknown}
 m - 2 potions of curing {unknown}
 n - a potion of mutation {unknown}
 q - a potion of resistance {unknown}
 r - a potion of lignification {unknown}
 s - a potion of attraction {unknown}
 t - 2 potions of heal wounds {unknown}
 v - 2 potions of flight {unknown}
 z - a potion of magic {unknown}


   Skills:
 - Level 2.1 Fighting
 + Level 6.5 Ranged Weapons
 - Level 1.7 Dodging
 - Level 1.2 Stealth
 - Level 1.5 Spellcasting
 * Level 1.9 Transmutations


You had 8 spell levels left.
You didn't know any spells.
Your spell library contained the following spells:

 Spells                   Type           Power      Damage    Failure   Level
 Beastly Appendage        Tmut           8%         N/A       19%         1
 Wereblood                Tmut           4%         N/A       28%         2
 Magic Dart               Conj           0%         1d3       38%         1
 Searing Ray              Conj           0%         2d4       52%         2
 Spider Form              Tmut/Pois      2%         N/A       63%         3
 Gell's Gravitas          Tloc           0%         N/A       77%         3
 Lesser Beckoning         Tloc           0%         N/A       77%         3
 Teleport Other           Tloc           0%         N/A       77%         3
 Fulminant Prism          Conj/Hex       0%         3d6       99%         4
 Dispersal                Tloc           0%         N/A       100%        6


Dungeon Overview and Level Annotations

Branches:
Dungeon (4/15)
 Temple: D:4-7

Altars:

Shops:
D:2 (   D:3 (

Annotations:
D:2 exclusion: downstairs
D:3 exclusion: downstairs
D:4 Dowan, Duvessa, Eustachio


Innate Abilities, Weirdness & Mutations

You cannot be hasted, slowed, berserked, paralysed or teleported.
You can dig through walls and to a lower floor.
You have a pair of large antennae on your head. (SInv)
Your four strong arms can wield two-handed weapons with a shield.


Message History

Press: ? - help, Q - select action, (/) - cycle Shift-Dir - straight line, f/p - Eustachio
Aim: Eustachio, wielding a +0 falchion and wearing a +0 leather armour (translocational energy, almost dead, 58% to hit)
You shoot an arrow. The arrow barely misses the iron imp.
The arrow barely misses the ufetubus.
The arrow barely misses Eustachio.
The iron imp closely misses you. The shadow imp gestures at you.
You struggle to resist.
Fire: a) +0 shortbow
Press: ? - help, Q - select action, (/) - cycle Shift-Dir - straight line, f/p - Eustachio
Aim: Eustachio, wielding a +0 falchion and wearing a +0 leather armour (almost dead, 58% to hit)
You shoot an arrow.
The arrow hits the iron imp but does no damage.
The iron imp is severely wounded.
The shadow imp disappears in a puff of smoke!
The iron imp hits you.
* * * LOW HITPOINT WARNING * * *
Fire: a) +0 shortbow
Press: ? - help, Q - select action, (/) - cycle Shift-Dir - straight line, f/p - Eustachio
Aim: Eustachio, wielding a +0 falchion and wearing a +0 leather armour (almost dead, 58% to hit)
You shoot an arrow. The arrow closely misses the iron imp.
The arrow hits the ufetubus but does no damage.
Eustachio casts a spell.
Eustachio blinks!
The iron imp laughs crazily.
The iron imp closely misses you.
Fire: a) +0 shortbow
Press: ? - help, Q - select action, (/) - cycle Shift-Dir - straight line, f - iron imp
Aim: an iron imp (severely wounded, summoned, 73% to hit)
You shoot an arrow. The arrow hits the iron imp!
You kill the iron imp!
The iron imp disappears in a puff of smoke!
The ufetubus hits you but does no damage. x2
Fire: a) +0 shortbow
Press: ? - help, Q - select action, (/) - cycle Shift-Dir - straight line, f - ufetubus
Aim: an ufetubus (grey smoke, summoned, 52% to hit)
You shoot an arrow. The arrow hits the ufetubus.
The ufetubus is almost dead.
The ufetubus hits you.
You die...

....# #........... ....#
#....... ... # ....#
#......# #.# .# #.###
#......# #.# ..#
#.#####....[.###.##..###
..............>.........
#.......................
####.##.#####.##..## #.#
#@# #.# #5# #.# #.#
##########.# #.#
...........# #†#
############ #)# #.# {
.@.


You could see Eustachio and an ufetubus (summoned).

Vanquished Creatures
  An orc priest (D:4)
  A hound (D:3)
  A gnoll (D:1)
  6 adders
  A white imp (D:3)
  2 worms (D:2)
  3 dart slugs (D:3)
  7 orcs
  5 ball pythons
  11 endoplasms
  2 giant cockroaches (D:2)
  8 goblins
  8 hobgoblins
  6 jackals
  3 quokkas
  7 bats
  6 frilled lizards
  6 kobolds
  5 rats
89 creatures vanquished.

Notes
Turn   | Place    | Note
-------+----------+-------------------------------------------
     0 | D:1      | jimonade the Formicid Hunter began the quest for the Orb.
     0 | D:1      | Reached XP level 1. HP: 16/16 MP: 1/1
    54 | D:1      | Reached XP level 2. HP: 13/22 MP: 2/2
   364 | D:1      | Reached XP level 3. HP: 27/27 MP: 3/3
   683 | D:1      | Reached skill level 5 in Ranged Weapons
   973 | D:2      | Reached XP level 4. HP: 33/33 MP: 4/4
  1188 | D:2      | Reached skill level 1 in Transmutations
  1189 | D:2      | Found Zewiel's Antique Weapon Boutique.
  1249 | D:2      | Reached skill level 1 in Spellcasting
  1480 | D:3      | Reached XP level 5. HP: 38/38 MP: 6/6
  1979 | D:3      | Found Udesoti's Antique Weapon Shop.
  2280 | D:3      | Reached skill level 6 in Ranged Weapons
  2340 | D:3      | Reached XP level 6. HP: 44/44 MP: 8/8
  2668 | D:4      | Noticed Duvessa
  2668 | D:4      | Noticed Dowan
  3153 | D:4      | Noticed Eustachio
  3173 | D:4      | HP: 1/44 [iron imp[Eustachio] (6)]
  3176 | D:4      | Slain by an ufetubus

Illustrated notes

Levels and vault maps discovered:
D:1:      dpeg_arrival_arbitrary_c, layout_basic, minmay_pentomino_v4
D:2:      layout_basic, serial_shops, nicolae_shop_trees, minmay_misc_feat_cross
D:3:      layout_basic, serial_shops, shop_fountains, minmay_unequal
D:4:      layout_basic, mainiacjoe_overflow_tiny_flanked, uniq_eustachio,
          uniq_duvessa

Skill      XL: |  1  2  3  4  5 |
---------------+----------------+-----
Ranged Weapons | 5 6 |  6.5
Transmutations | 1 |  1.9
Spellcasting   | 1 |  1.5
Fighting       | |  2.1
Dodging        | |  1.7
Stealth        | |  1.2

Action                   |  1- 3 |  4- 6 || total
-------------------------+-------+-------++-------
 Fire: Shortbow          |    54 |   179 ||   233
Armor: Leather armour    |     2 |    30 ||    32
Dodge: Dodged            |     4 |    67 ||    71

Table legend: (Time is in decaauts)
 A = Elapsed time spent in this place.
 B = Non-inter-level travel time spent in this place.
 C = Inter-level travel time spent in this place.
 D = Time resting spent in this place.
 E = Time spent auto-exploring this place.
 F = Levels seen in this place.
 G = Mean time per level.
                   A        B        C        D        E       F      G
               +--------+--------+--------+--------+--------+-----+--------+
         Total |   3233 |   3082 |    151 |    143 |   2171 |   4 |  808.2 |
       Dungeon |   3233 |   3082 |    151 |    143 |   2171 |   4 |  808.2 |
               +--------+--------+--------+--------+--------+-----+--------+

Top non-repeatable levels by time:
     D:3: 1236 daAuts
     D:1: 947 daAuts
     D:2: 543 daAuts
     D:4: 505 daAuts
